General information
- name: BNet
- type: Ladder team game (AT/RT)
- host: Battle.net
- saver: AveAveAve
map: Deathknell
- players: 8
- length: 34:34
- speed: Fast
- version: 1.26 W3XP
- replay type: Public
» download(205 KB)
Players
team 1 (winner)
xiaotiao (
red | 67 APM | 2256 actions | 33:35)
5 Death Knight
3 Death Coil
2 Unholy Aura
4 Lich
2 Frost Armor
2 Frost Nova
» actions
| Assign group hotkey | 29 | |
| Basic commands | 158 | |
| Build / train | 52 | |
| ESC pressed | 2 | |
| Enter build submenu | 17 | |
| Enter hero's abilities submenu | 9 | |
| Give item / drop item | 5 | |
| Remove unit from queue | 2 | |
| Right click | 791 | |
| Select / deselect | 499 | |
| Select group hotkey | 459 | |
| Use ability | 229 | |
2256 total
» units
| Acolyte | 5 | |
| Ghoul | 2 | |
| Crypt Fiend | 8 | |
| Obsidian Statue | 6 | |
| Banshee | 2 | |
23 total
» upgrades
| Burrow | 1 | |
| Creature Attack | 1 | |
| Creature Carapace | 3 | |
| Destroyer Form | 1 | |
| Banshee Training | 1 | |
7 total
» buildings
| Crypt | 1 | |
| Graveyard | 1 | |
| Ziggurat | 6 | |
| Altar of Darkness | 1 | |
| Tomb of Relics | 1 | |
| Halls of the Dead | 1 | |
| Black Citadel | 1 | |
| Slaughterhouse | 2 | |
| Sacrificial Pit | 2 | |
| Temple of the Damned | 1 | |
| Spirit Tower | 1 | |
| Nerubian Tower | 1 | |
| Boneyard | 1 | |
20 total
» build order
00:07 Crypt
00:19 Graveyard
00:48 Ziggurat
00:59 Altar of Darkness
01:25 Tomb of Relics
02:15 Ziggurat
03:09 Halls of the Dead
04:14 Ziggurat
05:45 Black Citadel
05:48 Slaughterhouse
06:20 Ziggurat
09:03 Sacrificial Pit
09:06 Temple of the Damned
09:08 Sacrificial Pit
09:51 Ziggurat
11:05 Slaughterhouse
13:14 Spirit Tower
13:43 Ziggurat
14:08 Nerubian Tower
23:07 Boneyard
» items
| Rod of Necromancy | 3 | |
| Orb of Corruption | 1 | |
| Scroll of Town Portal | 1 | |
5 total
2Funk2Druck (
purple | 44 APM | 1536 actions | 34:34)
7 Archmage
3 Summon Water Elemental
3 Brilliance Aura
1 Mass Teleport
» actions
| Assign group hotkey | 66 | |
| Basic commands | 76 | |
| Build / train | 78 | |
| Enter build submenu | 66 | |
| Enter hero's abilities submenu | 7 | |
| Give item / drop item | 1 | |
| Remove unit from queue | 1 | |
| Right click | 533 | |
| Select / deselect | 354 | |
| Select group hotkey | 244 | |
| Use ability | 110 | |
1536 total
» units
| Peasant | 16 | |
| Footman | 4 | |
| Goblin Shredder | 2 | |
| Gryphon Rider | 12 | |
34 total
» upgrades
| Lumber Harvesting | 1 | |
| Storm Hammers | 1 | |
| Cloud | 1 | |
| Swords | 3 | |
| Armor | 3 | |
| Animal War Training | 1 | |
| Masonry | 3 | |
13 total
» buildings
| Altar of Kings | 1 | |
| Barracks | 1 | |
| Farm | 11 | |
| Scout Tower | 48 | |
| Arcane Tower | 1 | |
| Arcane Vault | 2 | |
| Keep | 1 | |
| Town Hall | 3 | |
| Lumber Mill | 1 | |
| Castle | 1 | |
| Gryphon Aviary | 6 | |
| Guard Tower | 10 | |
| Blacksmith | 2 | |
88 total
» build order
00:37 Altar of Kings
00:38 Barracks
00:52 Farm
01:05 Farm
01:07 Farm
01:47 Scout Tower
02:09 Farm
02:17 Arcane Tower
03:14 Arcane Vault
03:46 Keep
04:45 Town Hall
04:52 Lumber Mill
06:44 Castle
07:20 Farm
07:52 Town Hall
07:59 Scout Tower
08:01 Scout Tower
08:04 Scout Tower
08:06 Scout Tower
08:38 Gryphon Aviary
08:40 Gryphon Aviary
09:20 Gryphon Aviary
10:17 Gryphon Aviary
11:20 Gryphon Aviary
11:23 Gryphon Aviary
11:33 Guard Tower
11:49 Guard Tower
12:55 Blacksmith
13:00 Blacksmith
13:57 Farm
14:00 Farm
14:01 Farm
14:03 Farm
14:06 Farm
15:50 Scout Tower
15:50 Scout Tower
15:51 Scout Tower
15:51 Scout Tower
15:51 Scout Tower
16:18 Scout Tower
16:18 Scout Tower
16:19 Scout Tower
16:19 Scout Tower
16:19 Scout Tower
16:19 Scout Tower
16:23 Scout Tower
16:24 Scout Tower
16:27 Scout Tower
16:27 Scout Tower
16:27 Scout Tower
16:28 Scout Tower
16:29 Scout Tower
17:23 Guard Tower
18:12 Town Hall
18:18 Scout Tower
18:18 Scout Tower
18:18 Scout Tower
18:22 Scout Tower
18:24 Scout Tower
18:24 Scout Tower
18:37 Scout Tower
18:37 Scout Tower
18:40 Scout Tower
18:40 Scout Tower
18:42 Scout Tower
18:45 Scout Tower
18:47 Guard Tower
18:52 Arcane Vault
20:29 Guard Tower
20:33 Guard Tower
20:54 Scout Tower
20:55 Scout Tower
20:56 Scout Tower
20:57 Scout Tower
20:58 Scout Tower
20:59 Scout Tower
20:59 Scout Tower
21:01 Scout Tower
21:03 Scout Tower
21:04 Scout Tower
21:05 Scout Tower
21:06 Scout Tower
21:06 Scout Tower
21:40 Guard Tower
21:45 Guard Tower
22:34 Guard Tower
22:50 Guard Tower
29:14 Farm
» items
| Scroll of Regeneration | 4 | |
| Scroll of Town Portal | 2 | |
| Potion of Healing | 3 | |
9 total
EasyPickens (
orange | 35 APM | 1225 actions | 34:34)
5 Archmage
3 Summon Water Elemental
2 Brilliance Aura
» actions
| Basic commands | 70 | |
| Build / train | 118 | |
| Enter build submenu | 71 | |
| Enter hero's abilities submenu | 5 | |
| Give item / drop item | 2 | |
| Remove unit from queue | 2 | |
| Right click | 367 | |
| Select / deselect | 495 | |
| Use ability | 95 | |
1225 total
» units
| Peasant | 29 | |
| Rifleman | 8 | |
| Gryphon Rider | 12 | |
49 total
» upgrades
| Armor | 3 | |
| Masonry | 3 | |
| Lumber Harvesting | 2 | |
| Swords | 3 | |
| Storm Hammers | 1 | |
| Gunpowder | 1 | |
13 total
» buildings
| Farm | 10 | |
| Altar of Kings | 1 | |
| Lumber Mill | 2 | |
| Barracks | 1 | |
| Blacksmith | 1 | |
| Scout Tower | 43 | |
| Arcane Tower | 1 | |
| Guard Tower | 32 | |
| Town Hall | 3 | |
| Arcane Vault | 1 | |
| Keep | 1 | |
| Castle | 1 | |
| Gryphon Aviary | 3 | |
100 total
» build order
00:50 Farm
00:52 Altar of Kings
01:20 Lumber Mill
01:30 Barracks
01:35 Farm
01:38 Farm
02:13 Blacksmith
02:16 Scout Tower
02:19 Farm
02:43 Scout Tower
02:45 Arcane Tower
02:59 Farm
03:14 Scout Tower
03:22 Guard Tower
03:36 Farm
03:42 Guard Tower
05:01 Town Hall
05:20 Arcane Vault
06:31 Scout Tower
06:33 Scout Tower
06:43 Scout Tower
07:03 Scout Tower
07:10 Guard Tower
07:18 Guard Tower
07:21 Keep
07:23 Scout Tower
07:27 Guard Tower
07:29 Scout Tower
07:37 Scout Tower
07:49 Scout Tower
07:51 Guard Tower
07:57 Guard Tower
07:58 Scout Tower
08:04 Guard Tower
08:07 Scout Tower
08:09 Scout Tower
08:10 Guard Tower
08:35 Guard Tower
08:37 Scout Tower
08:44 Guard Tower
08:49 Guard Tower
08:50 Scout Tower
09:20 Scout Tower
09:22 Scout Tower
09:31 Guard Tower
09:32 Scout Tower
09:34 Scout Tower
09:38 Guard Tower
09:40 Scout Tower
09:45 Castle
09:47 Scout Tower
10:03 Guard Tower
10:04 Scout Tower
10:19 Scout Tower
10:35 Scout Tower
10:37 Scout Tower
10:38 Guard Tower
10:41 Scout Tower
11:05 Guard Tower
11:10 Guard Tower
11:33 Town Hall
11:37 Scout Tower
11:42 Guard Tower
11:49 Gryphon Aviary
11:54 Gryphon Aviary
11:58 Farm
12:04 Scout Tower
12:05 Guard Tower
12:33 Scout Tower
12:36 Guard Tower
13:08 Scout Tower
13:13 Scout Tower
13:16 Scout Tower
13:21 Gryphon Aviary
13:45 Guard Tower
13:48 Guard Tower
13:49 Scout Tower
14:06 Scout Tower
14:20 Scout Tower
14:30 Scout Tower
14:31 Guard Tower
14:34 Scout Tower
14:36 Scout Tower
14:38 Guard Tower
14:46 Lumber Mill
15:00 Guard Tower
15:13 Scout Tower
15:19 Guard Tower
15:29 Farm
15:51 Guard Tower
16:03 Guard Tower
16:05 Scout Tower
16:13 Farm
18:22 Guard Tower
22:53 Town Hall
24:07 Scout Tower
25:46 Guard Tower
25:49 Scout Tower
27:12 Guard Tower
30:55 Farm
» items
| Scroll of Regeneration | 5 | |
| Orb of Fire | 1 | |
| Scroll of Town Portal | 1 | |
7 total
Mr.Joker (
blue | 21 APM | 695 actions | 32:43)
6 Demon Hunter
3 Immolation
2 Evasion
1 Metamorphosis
» actions
| Basic commands | 33 | |
| Build / train | 69 | |
| Enter build submenu | 15 | |
| Enter hero's abilities submenu | 6 | |
| Right click | 254 | |
| Select / deselect | 271 | |
| Use ability | 47 | |
695 total
» units
| Wisp | 13 | |
| Archer | 14 | |
| Dryad | 15 | |
| Druid of the Claw | 4 | |
| Mountain Giant | 2 | |
48 total
» upgrades
| Improved Bows | 1 | |
| Reinforced Hides | 3 | |
| Strength of the Wild | 2 | |
| Abolish Magic | 1 | |
| Druid of the Claw Training | 2 | |
| Mark of the Claw | 1 | |
| Hardened Skin | 1 | |
11 total
» buildings
| Moon Well | 8 | |
| Altar of Elders | 1 | |
| Ancient of War | 1 | |
| Tree of Ages | 1 | |
| Hunter's Hall | 1 | |
| Tree of Eternity | 1 | |
| Ancient of Lore | 2 | |
| Ancient of Wonders | 1 | |
16 total
» build order
00:24 Moon Well
00:41 Altar of Elders
01:06 Ancient of War
01:51 Moon Well
02:54 Moon Well
03:43 Tree of Ages
03:59 Moon Well
05:18 Moon Well
06:18 Hunter's Hall
06:39 Tree of Eternity
07:09 Moon Well
07:47 Ancient of Lore
07:55 Ancient of Lore
08:48 Moon Well
12:05 Ancient of Wonders
13:55 Moon Well
» items
team 2 (loser)

»
LemanRuss (
pink | 42 APM | 1012 actions | 23:49)
4 Lich
2 Frost Nova
2 Frost Armor
1 Keeper of the Grove
1 Thorns Aura
» actions
| Assign group hotkey | 12 | |
| Basic commands | 19 | |
| Build / train | 79 | |
| Enter build submenu | 19 | |
| Enter hero's abilities submenu | 5 | |
| Give item / drop item | 1 | |
| Right click | 418 | |
| Select / deselect | 285 | |
| Select group hotkey | 124 | |
| Use ability | 50 | |
1012 total
» units
| Acolyte | 10 | |
| Ghoul | 4 | |
| Huntress | 4 | |
| Necromancer | 15 | |
| Meatwagon | 7 | |
| Gargoyle | 5 | |
45 total
» upgrades
| Necromancer Training | 2 | |
| Skeletal Longevity | 1 | |
| Unholy Strength | 3 | |
| Strength of the Moon | 1 | |
| Exhume Corpses | 1 | |
| Unholy Armor | 3 | |
| Skeletal Mastery | 1 | |
| Disease Cloud | 1 | |
| Strength of the Wild | 1 | |
| Reinforced Hides | 1 | |
| Corrosive Breath | 1 | |
| Creature Attack | 1 | |
17 total
» buildings
| Altar of Darkness | 1 | |
| Ziggurat | 9 | |
| Crypt | 1 | |
| Tomb of Relics | 1 | |
| Graveyard | 1 | |
| Nerubian Tower | 2 | |
| Halls of the Dead | 1 | |
| Temple of the Damned | 3 | |
| Slaughterhouse | 2 | |
| Spirit Tower | 2 | |
| Black Citadel | 1 | |
| Ancient of Wind | 1 | |
25 total
» build order
00:09 Altar of Darkness
00:12 Ziggurat
00:45 Crypt
01:26 Tomb of Relics
01:37 Graveyard
01:54 Ziggurat
02:00 Nerubian Tower
04:19 Halls of the Dead
04:45 Ziggurat
05:35 Ziggurat
07:22 Temple of the Damned
07:27 Temple of the Damned
07:29 Temple of the Damned
07:36 Slaughterhouse
07:37 Spirit Tower
07:43 Ziggurat
07:44 Ziggurat
07:46 Nerubian Tower
10:40 Black Citadel
13:33 Slaughterhouse
13:35 Spirit Tower
18:47 Ancient of Wind
21:26 Ziggurat
21:26 Ziggurat
21:29 Ziggurat
» items
| Rod of Necromancy | 1 | |
| Dust of Appearance | 1 | |
| Orb of Corruption | 1 | |
| Potion of Mana | 2 | |
5 total

»
Hug.My.Toad (
teal | 31 APM | 240 actions | 07:50)
1 Keeper of the Grove
1 Force of Nature
» actions
| Assign group hotkey | 7 | |
| Basic commands | 1 | |
| Build / train | 23 | |
| Enter build submenu | 8 | |
| Enter hero's abilities submenu | 1 | |
| Remove unit from queue | 1 | |
| Right click | 33 | |
| Select / deselect | 120 | |
| Select group hotkey | 34 | |
| Use ability | 12 | |
240 total
» units
» upgrades
| Strength of the Moon | 1 | |
| Moon Armor | 1 | |
2 total
» buildings
| Moon Well | 4 | |
| Altar of Elders | 1 | |
| Hunter's Hall | 1 | |
| Ancient of War | 2 | |
| Tree of Ages | 1 | |
9 total
» build order
00:30 Moon Well
01:21 Altar of Elders
01:25 Hunter's Hall
01:38 Moon Well
02:36 Ancient of War
02:47 Moon Well
03:41 Ancient of War
04:44 Tree of Ages
05:47 Moon Well
AveAveAve (
yellow | 98 APM | 3388 actions | 34:34)
6 Blademaster
3 Wind Walk
2 Critical Strike
1 Bladestorm
» actions
| Assign group hotkey | 128 | |
| Basic commands | 132 | |
| Build / train | 127 | |
| ESC pressed | 29 | |
| Enter build submenu | 63 | |
| Enter hero's abilities submenu | 6 | |
| Give item / drop item | 2 | |
| Right click | 1306 | |
| Select / deselect | 440 | |
| Select group hotkey | 897 | |
| Use ability | 258 | |
3388 total
» units
| Peon | 29 | |
| Grunt | 11 | |
| Goblin Shredder | 3 | |
| Goblin Zeppelin | 4 | |
| Kodo Beast | 1 | |
| Wind Rider | 5 | |
53 total
» upgrades
| Armor | 3 | |
| Berserker Strength | 1 | |
| Pillage | 1 | |
| Ranged Weapons | 3 | |
| Spiked Barricades | 3 | |
| Reinforced Defenses | 1 | |
| Backpack | 1 | |
| Envenomed Spears | 1 | |
| Liquid Fire | 1 | |
| Troll Regeneration | 1 | |
| Melee Weapons | 3 | |
| Berserker Upgrade | 1 | |
| Burning Oil | 1 | |
| Ensnare | 1 | |
| War Drums Damage Increase | 1 | |
23 total
» buildings
| Altar of Storms | 1 | |
| Orc Burrow | 4 | |
| Barracks | 1 | |
| Voodoo Lounge | 2 | |
| Stronghold | 2 | |
| War Mill | 1 | |
| Watch Tower | 38 | |
| Beastiary | 6 | |
| Great Hall | 3 | |
| Fortress | 2 | |
| Spirit Lodge | 3 | |
63 total
» build order
00:08 Altar of Storms
00:11 Orc Burrow
00:21 Barracks
01:33 Orc Burrow
02:07 Voodoo Lounge
02:52 Orc Burrow
04:17 Stronghold
04:17 Stronghold
04:37 War Mill
05:35 Orc Burrow
05:55 Watch Tower
08:14 Voodoo Lounge
08:33 Watch Tower
10:04 Beastiary
12:01 Great Hall
12:03 Watch Tower
12:04 Watch Tower
12:07 Watch Tower
12:09 Watch Tower
12:28 Beastiary
12:44 Fortress
12:44 Fortress
14:15 Watch Tower
14:17 Watch Tower
14:23 Watch Tower
14:27 Beastiary
14:29 Beastiary
14:55 Watch Tower
15:07 Watch Tower
15:20 Watch Tower
15:23 Watch Tower
15:26 Watch Tower
16:56 Watch Tower
18:27 Watch Tower
18:38 Watch Tower
18:53 Watch Tower
18:58 Watch Tower
19:27 Watch Tower
20:03 Watch Tower
20:07 Watch Tower
24:43 Watch Tower
25:41 Great Hall
25:43 Watch Tower
25:44 Watch Tower
25:45 Watch Tower
25:47 Watch Tower
25:48 Watch Tower
25:49 Watch Tower
25:59 Watch Tower
26:01 Watch Tower
27:27 Watch Tower
27:28 Watch Tower
28:54 Great Hall
28:58 Watch Tower
29:59 Watch Tower
30:00 Watch Tower
30:03 Watch Tower
30:13 Beastiary
30:17 Beastiary
32:56 Watch Tower
33:29 Spirit Lodge
33:30 Spirit Lodge
33:32 Spirit Lodge
» items
| Healing Salve | 5 | |
| Scroll of Town Portal | 2 | |
| Orb of Lightning | 2 | |
| Tiny Great Hall | 1 | |
| Lesser Clarity Potion | 3 | |
13 total
riceer (
green | 32 APM | 920 actions | 28:22)
4 Paladin
2 Divine Shield
1 Devotion Aura
1 Holy Light
» actions
| Basic commands | 25 | |
| Build / train | 139 | |
| Enter build submenu | 37 | |
| Enter hero's abilities submenu | 4 | |
| Right click | 329 | |
| Select / deselect | 324 | |
| Use ability | 62 | |
920 total
» units
| Peasant | 15 | |
| Knight | 20 | |
| Priest | 21 | |
| Hippogryph | 24 | |
| Wisp | 9 | |
| Chimaera | 5 | |
| Ghoul | 8 | |
| Gargoyle | 11 | |
113 total
» upgrades
| Lumber Harvesting | 2 | |
| Swords | 3 | |
| Plating | 3 | |
| Masonry | 1 | |
| Priest Training | 2 | |
| Animal War Training | 1 | |
12 total
» buildings
| Scout Tower | 6 | |
| Arcane Tower | 1 | |
| Altar of Kings | 1 | |
| Farm | 9 | |
| Lumber Mill | 1 | |
| Keep | 1 | |
| Guard Tower | 4 | |
| Blacksmith | 1 | |
| Castle | 1 | |
| Barracks | 2 | |
| Arcane Sanctum | 1 | |
| Tree of Eternity | 1 | |
| Ancient of Wind | 1 | |
| Town Hall | 3 | |
| Chimaera Roost | 3 | |
| Hunter's Hall | 1 | |
| Moon Well | 3 | |
| Arcane Vault | 1 | |
41 total
» build order
00:14 Scout Tower
00:25 Scout Tower
00:43 Arcane Tower
00:46 Altar of Kings
00:59 Farm
01:43 Farm
02:04 Scout Tower
02:21 Lumber Mill
02:37 Farm
02:41 Farm
02:54 Farm
02:59 Keep
03:26 Guard Tower
03:31 Farm
04:08 Farm
04:31 Blacksmith
04:45 Scout Tower
05:12 Guard Tower
05:15 Farm
05:20 Castle
05:27 Barracks
05:32 Barracks
05:40 Arcane Sanctum
05:55 Scout Tower
06:24 Guard Tower
06:29 Farm
07:06 Scout Tower
07:55 Guard Tower
11:22 Tree of Eternity
11:26 Ancient of Wind
12:55 Town Hall
13:06 Town Hall
13:11 Town Hall
13:49 Chimaera Roost
13:54 Chimaera Roost
13:56 Chimaera Roost
14:08 Hunter's Hall
15:30 Moon Well
15:34 Moon Well
15:36 Moon Well
22:01 Arcane Vault
» items
Chat log
(00:10 / All) 2Funk2Druck: boy howdy this kale shake sure is delicious
(00:23 / Allies) Hug.My.Toad: hunts and hipps
(00:27 / Allies) AveAveAve: I got air
(00:31 / Allies) AveAveAve: you guys get ground
(00:33 / Allies) LemanRuss: frosties
(00:37 / Allies) LemanRuss: or fine
(00:41 / Allies) AveAveAve: go necrowagon
(00:43 / All) AveAveAve: or aboms
(00:53 / All) xiaotiao: ok
(00:56 / Allies) LemanRuss: ya necrons!
(01:01 / Allies) Hug.My.Toad: necs wagons :D
(01:06 / All) xiaotiao: no destroyers?
(01:16 / All) Hug.My.Toad: fiends bro, fiends
(01:30 / All) AveAveAve: going fiends in 4v4 is as low as you can get
(01:45 / Allies) Hug.My.Toad: or the smartest :P Since they are the best aa
(01:52 / All) AveAveAve: They are not at all the best AA
(01:54 / All) AveAveAve: fiends as best aa lol
(01:58 / All) AveAveAve: Are you serious?
(02:08 / Allies) riceer: hippos
(02:09 / Allies) riceer: ftw
(02:12 / All) xiaotiao: yes 1v1
(02:31 / All) AveAveAve: Are you challenging me?
(02:37 / All) xiaotiao: yes
(02:39 / All) AveAveAve: Okay
(02:41 / All) AveAveAve: Let's play after
(02:45 / All) AveAveAve: You will dodge or be terrible and get dominated
(02:48 / All) AveAveAve: you fucking pathetic fiendbot
(02:49 / All) xiaotiao: sure
(02:53 / Allies) LemanRuss: lol
(02:58 / All) xiaotiao: ...
(03:05 / Allies) AveAveAve: shoo
(03:07 / Allies) AveAveAve: or I kill your hero
(03:13 / Allies) LemanRuss: why man
(03:18 / Allies) Hug.My.Toad: cause he's a douche
(03:36 / Allies) AveAveAve: fucking piece of shit
(03:40 / Allies) AveAveAve: you are going to pay for that
(03:43 / Allies) LemanRuss: wow
(03:47 / Allies) LemanRuss: you have issues bro
(03:49 / Allies) LemanRuss: why play 4v4
(03:51 / Allies) AveAveAve: shoo
(03:53 / Allies) LemanRuss: if you wont work together
(03:53 / Allies) AveAveAve: fuck off
(04:00 / Allies) AveAveAve: i don't need your help
(04:02 / Allies) AveAveAve: dumb fucking faggot
(04:13 / Allies) LemanRuss: wow
(04:16 / Allies) LemanRuss: rage much
(04:20 / All) AveAveAve: pink is trying to start a war with me
(04:22 / Allies) Hug.My.Toad: rageeeeeeeee
(04:24 / All) AveAveAve: dumb faggot is leeching my xp
(04:25 / All) Hug.My.Toad: rageeeeeeeee
(04:25 / Allies) LemanRuss: rage
(04:26 / Allies) AveAveAve: and now playing victim
(04:27 / Allies) LemanRuss: rage
(04:29 / Allies) LemanRuss: rage
(04:30 / All) Hug.My.Toad: rageeeeeee
(04:31 / Allies) LemanRuss: dude
(04:33 / Allies) AveAveAve: I am perfectly calm
(04:35 / Allies) LemanRuss: work toegether faggort
(04:40 / Allies) AveAveAve: How about no?
(04:50 / Allies) LemanRuss: so you want to lose?
(04:51 / Allies) AveAveAve: I don't need your help to clear easy creeps, you degenerate
(05:00 / Allies) LemanRuss: i want hero xp
(05:04 / Allies) LemanRuss: so we win
(05:04 / Allies) AveAveAve: Then earn it yourself
(05:22 / Allies) LemanRuss: cant wait
(05:28 / Allies) LemanRuss: but dont
(05:31 / Allies) LemanRuss: lets just win
(05:59 / Allies) LemanRuss: im clearing that yellow
(06:03 / Allies) AveAveAve: No you aren't
(06:12 / Allies) AveAveAve: Shoo
(06:16 / Allies) AveAveAve: This is my creeping pattern
(06:19 / Allies) AveAveAve: Not yours
(06:26 / Allies) LemanRuss: fine ill take other mine
(06:29 / Allies) LemanRuss: if your such a dick
(06:48 / All) AveAveAve: teal tking me
(06:55 / All) Hug.My.Toad: runs his mouth :)
(07:00 / All) Hug.My.Toad: tries to be tough
(07:05 / All) AveAveAve: or trying to
(07:06 / All) AveAveAve: he sucks
(07:11 / Allies) LemanRuss: lol
(07:17 / Allies) Hug.My.Toad: wasnt resources :)
(07:18 / All) AveAveAve: he is wailing away at nothing
(07:26 / All) AveAveAve: wasnt resources
(07:30 / All) AveAveAve: do you speak english motherfucker?
(07:37 / All) xiaotiao: we dont wanna hear
(07:44 / All) Hug.My.Toad: he bottom right
(07:47 / All) Hug.My.Toad: all yours :)
(07:55 / All) AveAveAve: lol
(08:10 / All) riceer: random little kids...
(08:19 / All) AveAveAve: yes lots of little kids play 10 year old games
(08:34 / All) riceer: than grow up a bit ;)
(08:41 / All) AveAveAve: lol
(08:49 / All) AveAveAve: do you recognise sarcasm?
(08:51 / All) AveAveAve: or too young?
(11:36 / Allies) LemanRuss: want to hit expos?
(11:41 / Allies) AveAveAve: maybe
(11:49 / Allies) AveAveAve: I bought a zeppelin for a reason
(12:03 / Allies) LemanRuss: man you love to run your mouth
(12:22 / Allies) AveAveAve: Yes I do
(12:29 / Allies) riceer: when i was in highschool
(12:31 / Allies) riceer: i did too
(12:40 / Allies) AveAveAve: I didn't back then
(12:43 / Allies) AveAveAve: i wasn't bitter enough
(14:29 / Allies) LemanRuss: comin to meet up green
(16:32 / Allies) LemanRuss: knight
(19:08 / All) AveAveAve: Out
(20:37 / Allies) LemanRuss: so...
(20:45 / Allies) AveAveAve: Out, let me 1v4 it by myself
(20:48 / Allies) AveAveAve: You lagged
(20:51 / Allies) AveAveAve: and made me lose my bm
(20:52 / All) xiaotiao: you have 2k wood
(20:54 / Allies) AveAveAve: For that you cannot be forgiven
(20:59 / Allies) LemanRuss: lmao
(22:01 / All) LemanRuss: yellow biggest faggot in wc3
(22:04 / All) AveAveAve: I'm killing pink
(22:06 / All) AveAveAve: He is angered
(22:08 / All) EasyPickens: hahah
(22:10 / Allies) LemanRuss: yellow go get cancer of the eyes you faggot
(22:14 / All) AveAveAve: Cancer of the eyes?
(22:21 / Allies) LemanRuss: you cost us the game by being a douchebag from the start
(22:27 / Allies) LemanRuss: yes cancer of the eyes dumbass
(22:28 / Allies) riceer: yeh ur a goof
(22:34 / All) AveAveAve: I can 1v4 this
(22:36 / All) AveAveAve: You can both leave
(22:38 / Allies) LemanRuss: no you cant
(22:38 / All) AveAveAve: Green and pink
(22:38 / All) EasyPickens: lol
(22:40 / Allies) LemanRuss: your pathetic
(22:42 / All) xiaotiao: lol
(22:44 / All) AveAveAve: For I have dominated you both
(22:47 / All) Mr.Joker: lol
(22:49 / Allies) LemanRuss: no you havent
(22:55 / Allies) LemanRuss: i sat here
(22:57 / Allies) LemanRuss: doing nothin
(23:11 / All) AveAveAve: Now green is the second to fail to backstab me
(23:16 / All) LemanRuss: lol
(23:18 / All) EasyPickens: lol
(23:24 / All) AveAveAve: I slaughtered my entire team
(23:26 / All) xiaotiao: good job green
(23:40 / All) AveAveAve: This is what I mean when I say I am an impulsive stabber
(23:40 / Allies) LemanRuss: yellow go die and do the world a favour people like you waste my fucking air and i hate to see it go to waste
(24:14 / Allies) riceer: homo
(24:17 / Allies) riceer: die ;)
(24:37 / All) riceer: i got his bm
(24:40 / All) riceer: i
(24:45 / All) AveAveAve: Grats
(24:49 / All) AveAveAve: I got your army
(24:51 / All) riceer: kill altar
(24:56 / All) xiaotiao: lets all kill 2 funk joker
(25:12 / All) Mr.Joker: lol
(26:09 / All) xiaotiao: 2
(27:03 / All) 2Funk2Druck: I'll 1v1 red after this game
(27:12 / All) 2Funk2Druck: He keeps challenging
(27:15 / All) 2Funk2Druck: k
(27:52 / All) xiaotiao: go now?
(27:57 / All) 2Funk2Druck: Game isn't oveR?
(27:58 / All) EasyPickens: im gona get u
(28:13 / All) EasyPickens: pink
(28:17 / All) AveAveAve: He left
(28:19 / All) EasyPickens: im gonna get u
(28:20 / All) riceer: point is, i killed yellows hero, he cant kill mine
(28:29 / All) AveAveAve: Well now I can
(28:35 / All) AveAveAve: I also have my hero back
(29:23 / All) 2Funk2Druck: Erm
(29:24 / All) 2Funk2Druck: nope
(29:27 / All) 2Funk2Druck: after game
(29:36 / All) AveAveAve: This is what happens when you anger Rod Serling, DSSN, the Creator of the Twilight Zone
(29:39 / All) AveAveAve: And try to creep with him in 4v4 RT
(29:42 / All) AveAveAve: With your lvl 1 lich
(29:46 / All) AveAveAve: Because you say you need XP
(29:50 / All) AveAveAve: But do not want to use your units
(30:31 / All) 2Funk2Druck: Game is not over doofus
(30:48 / All) 2Funk2Druck: You can wait
(30:54 / All) Mr.Joker: yo
(30:58 / All) Mr.Joker: can you leave
(31:02 / All) Mr.Joker: and play again
(31:09 / All) 2Funk2Druck: Mmmmhmm
(31:16 / All) 2Funk2Druck: Red you wouldn't show anyway
(32:04 / All) AveAveAve: Why aren't you listening?
(32:25 / All) Mr.Joker: orange
(32:28 / All) Mr.Joker: is killing my stuff
(32:30 / All) Mr.Joker: damn
(32:36 / All) Mr.Joker: lol yall make this game wack
(33:31 / All) xiaotiao: bg
(33:34 / All) xiaotiao: losers
(34:18 / All) 2Funk2Druck: Which team to lose?
(34:23 / All) EasyPickens: who loses?
(34:24 / All) AveAveAve: Mine
(34:26 / All) AveAveAve: for sure